 Dungeon Crawl Stone Soup version 0.18.1-48-g4cf74bf (webtiles) character file.

471 PossumBlood the Thaumaturge (level 6, 0/32 HPs)
             Began as a Deep Elf Wizard on Aug 17, 2016.
             Slain by a hound (2 damage)
             ... on level 4 of the Dungeon.
             The game lasted 00:13:05 (3851 turns).

PossumBlood the Thaumaturge (Deep Elf Wizard)       Turns: 3851, Time: 00:13:06

Health: 0/32       AC:  4    Str:  4    XL:     6   Next: 83%
Magic:  13/28      EV: 12    Int: 25    God:
Gold:   216        SH:  0    Dex: 13    Spells: 5 memorised, 11 levels left

rFire  . . .     SeeInvis .     g - +0 dagger
rCold  . . .     Gourm    .     a - +0 robe
rNeg   . . .     Faith    .     (no shield)
rPois  .         Spirit   .     b - +0 hat
rElec  .         Dismiss  .     l - +1 cloak
rCorr  +         Reflect  .     (no gloves)
SustAt .         Harm     .     (no boots)
MR     .....                    (no amulet)
Stlth  ++........               v - ring of magical power
                                s - ring of resist corrosion

@: very slightly contaminated, repel missiles, not resistant to hostile
enchantments, unstealthy
A: no striking features
a: no special abilities


You were on level 4 of the Dungeon.
You were not hungry.

You visited 1 branch of the dungeon, and saw 4 of its levels.

You collected 216 gold pieces.

Inventory:

Hand Weapons
 g - a +0 dagger (weapon)
Armour
 a - a +0 robe (worn)
 b - a +0 hat (worn)
 l - a +1 cloak (worn)
Jewellery
 s - a ring of resist corrosion (left hand)
 v - a ring of magical power (right hand)
Scrolls
 i - 5 scrolls of identify
 j - 2 scrolls of immolation
 m - a scroll of amnesia
 p - 3 scrolls of remove curse
Potions
 n - 3 potions of brilliance
 r - 2 potions of heal wounds
 u - a potion of cancellation
Books
 c - a book of Minor Magic

   Spells                             Type                      Level
   a - Magic Dart                     Conjuration                  1
   b - Blink                          Translocation                2
   c - Call Imp                       Summoning                    2
   d - Repel Missiles                 Charms/Air                   2
   e - Slow                           Hexes                        2
   f - Conjure Flame                  Conjuration/Fire             3
   g - Mephitic Cloud                 Conjuration/Poison/Air       3
Comestibles
 d - 2 bread rations
 f - 5 meat rations
 k - 2 beef jerkies


   Skills:
 - Level 2.4 Dodging
 - Level 2.4 Stealth
 + Level 8.0 Spellcasting
 + Level 5.5 Conjurations
   Level 1.1 Summonings
 - Level 1.1 Translocations


You had 11 spell levels left.
You knew the following spells:

 Your Spells              Type           Power        Failure   Level  Hunger
a - Magic Dart            Conj           ####         1%          1    None
b - Blink                 Tloc           N/A          8%          2    None
c - Repel Missiles        Chrm/Air       ##....       10%         2    None
d - Slow                  Hex            ##......     10%         2    None
e - Conjure Flame         Conj/Fire      ###.....     8%          3    None


Dungeon Overview and Level Annotations

Branches:
Dungeon (4/15)
 Temple: D:4-7

Altars:
Dithmenos
Xom


Message History

Casting: Magic Dart
Confirm with . or Enter, or press ? or * to list all spells.
Aiming: Magic Dart
Press: ? - help, Shift-Dir - straight line, f/p - orc wizard
Aim: an orc wizard, wielding a dagger and wearing a robe (heavily wounded)
You miscast Magic Dart.
You are very lightly contaminated with residual magic.
Nothing appears to happen.
The hound closely misses you. The orc wizard hits you with a dagger.
* * * LOW HITPOINT WARNING * * *
The orc hits you but does no damage.
Casting: Magic Dart
Confirm with . or Enter, or press ? or * to list all spells.
Aiming: Magic Dart
Press: ? - help, Shift-Dir - straight line, f/p - orc wizard
Aim: an orc wizard, wielding a dagger and wearing a robe (heavily wounded)
The magic dart hits the orc wizard.
The orc wizard is severely wounded.
The hound bites you.
You die...

#. .####.#
....... ...?.
.... #..
#####.h######
......)@o<..#
#####.o####.#
#.... # #....
#.... #....
#.... ###.#


You could see a hound, an orc wizard and an orc.

Vanquished Creatures
  The ghost of oldnick the Ruffian, an amateur VSMo (D:3)
  A giant frog (D:3)
  Ijyb (D:2)
  Natasha (thrice) (D:2)
  Robin (D:2)
  2 adders (D:3)
  2 oozes
  4 worms
  A dart slug (D:3)
  3 giant geckos
  5 orcs
  3 ball pythons
  10 bats
  4 giant cockroaches
  18 goblins
  10 hobgoblins
  2 jackals (D:2)
  6 kobolds
  2 quokkas
  4 giant newts
  7 rats
90 creatures vanquished.

Notes
Turn   | Place    | Note
--------------------------------------------------------------
     0 | D:1      | PossumBlood the Deep Elf Wizard began the quest for the Orb.
     0 | D:1      | Reached XP level 1. HP: 10/10 MP: 7/7
   350 | D:1      | Reached XP level 2. HP: 15/15 MP: 7/9
   664 | D:1      | Reached skill level 5 in Spellcasting
   885 | D:1      | Learned a level 2 spell: Blink
   888 | D:1      | Learned a level 2 spell: Repel Missiles
   891 | D:1      | Learned a level 2 spell: Slow
  1042 | D:1      | Reached XP level 3. HP: 19/19 MP: 9/11
  1408 | D:2      | Learned a level 3 spell: Conjure Flame
  1461 | D:2      | Noticed Robin
  1613 | D:2      | Killed Robin
  1824 | D:2      | Noticed Natasha
  1833 | D:2      | Killed Natasha
  1833 | D:2      | Reached skill level 6 in Spellcasting
  1833 | D:2      | Reached XP level 4. HP: 6/24 MP: 5/14
  2080 | D:2      | Noticed Ijyb
  2086 | D:2      | Killed Ijyb
  2236 | D:2      | Noticed Natasha
  2242 | D:2      | Killed Natasha
  2242 | D:2      | Reached XP level 5. HP: 28/28 MP: 9/15
  2282 | D:2      | Found a shadowy altar of Dithmenos.
  2677 | D:2      | Noticed Natasha
  2681 | D:2      | Killed Natasha
  3037 | D:3      | Found a shimmering altar of Xom.
  3040 | D:3      | Noticed oldnick's ghost (amateur VSMo)
  3047 | D:3      | Killed oldnick's ghost
  3047 | D:3      | Reached skill level 7 in Spellcasting
  3047 | D:3      | Reached XP level 6. HP: 32/32 MP: 8/18
  3226 | D:3      | Reached skill level 5 in Conjurations
  3838 | D:4      | Reached skill level 8 in Spellcasting
  3851 | D:4      | Slain by a hound

Skill      XL: |  1  2  3  4  5  6 |
---------------+-------------------+-----
Conjurations   | 2 3 4 5 |  5.5
Spellcasting   | 5 6 7 8 |  8.0
Dodging        | |  2.4
Stealth        | |  2.4
Summonings     | |  1.1
Translocations | |  1.1

Action                   |  1- 3 |  4- 6 || total
-------------------------+-------+-------++-------
Melee: Dagger            |     8 |       ||     8
 Cast: Magic Dart        |    97 |   127 ||   224
       Repel Missiles    |     1 |     1 ||     2
       Blink             |     1 |       ||     1
  Use: Potion            |     1 |       ||     1
       Scroll            |       |    10 ||    10
  Eat: Bread ration      |     1 |       ||     1
       Pizza             |     1 |       ||     1
       Fruit             |       |     3 ||     3
Armor: Robe              |    18 |     3 ||    21
Dodge: Dodged            |    24 |    15 ||    39
       Deflected         |     1 |       ||     1
